Map: 2000 Atmospheres LE

Players

DPGrogue (Rogue) - Winner!

  • Race: Zerg Zerg

LiquidClem (Clem)

  • Race: Terran Terran

Event: ASUS ROG Fall 2021

VOD

Have the link to the VOD?

Description

Time

  • Played on: Sept. 19, 2021, 8:44 a.m.
  • Length: 14:01

All games in this series

Show
View Real Time Build Order
Export as new Build Order

DPGrogue Zerg - Winner!

Build Orders: Hatch First 

Get SALT Encoding   

  12  0:02  Drone  
  13  0:12  Overlord  
  13  0:17  Drone  
  14  0:31  Drone x2  
  16  0:49  Hatchery  
  15  0:52  Drone  
  15  0:55  Drone  
  17  0:58  Drone  
  18  1:09  Extractor  
  17  1:13  Spawning Pool  
  17  1:16  Drone  
  17  1:19  Drone  
  18  1:28  Drone  
  19  1:39  Drone  
  20  1:50  Drone  
  21  2:01  Queen x2  
  23  2:02  Zergling x4  
  27  2:11  Overlord  
  27  2:12  Zergling x2  
  28  2:22  Hatchery  
  27  2:25  Drone  
  28  2:32  Drone  
  28  2:33  Drone  
  30  2:37  Drone  
  30  2:39  Queen  
  30  2:44  Metabolic Boost  
  33  2:50  Overlord  
  33  2:52  Drone  
  33  2:56  Drone x2  
  36  3:12  Drone x5  
  41  3:15  Queen  
  41  3:18  Overlord  
  43  3:22  Drone  
  43  3:27  Overlord  
  43  3:31  Overlord  
  43  3:38  Queen  
  43  3:39  Zergling x4  
  47  3:45  Queen  
  47  3:47  Drone x2  
  51  3:52  Zergling x2  
  51  3:53  Zergling x6  
  55  3:58  Queen  
  56  4:03  Zergling x6  
  56  4:08  Overlord  
  59  4:13  Zergling x6  
  62  4:17  Drone  
  62  4:19  Drone x2  
  62  4:20  Drone x2  
  58  4:26  Drone x2  
  58  4:28  Drone x2  
  58  4:29  Drone  
  63  4:37  Drone  
  64  4:39  Overlord  
  64  4:43  Queen, Overlord  
  66  4:50  Drone  
  66  4:51  Lair, Overlord  
  66  4:54  Overlord  
  66  4:59  Drone x7  
  73  5:06  Drone x4  
  76  5:08  Extractor  
  76  5:12  Drone  
  76  5:13  Drone  
  77  5:16  Spore Crawler  
  77  5:18  Drone  
  77  5:19  Drone  
  70  5:24  Drone  
  70  5:25  Drone  
  70  5:27  Extractor x2, Evolution Chamber  
  70  5:28  Evolution Chamber  
  69  5:29  Drone x2  
  69  5:30  Drone  
  69  5:34  Roach Warren  
  69  5:35  Extractor x2, Drone x3  
  71  5:36  Drone x2  
  71  5:39  Drone  
  75  5:43  Drone x3  
  75  5:44  Drone  
  75  5:46  Drone  
  80  5:50  Drone  
  81  5:57  Zerg Ground Armor Level 1, Zerg Missile Weapons Level 1  
  81  5:59  Drone x2  
  81  6:00  Zergling x8  
  81  6:02  Overseer  
  87  6:04  Overlord  
  87  6:13  Zergling x8  
  87  6:14  Glial Reconstitution  
  91  6:18  Hatchery  
  91  6:19  Overseer  
  91  6:24  Zergling x4  
  91  6:25  Zergling x8  
  96  6:30  Overlord  
  96  6:39  Overlord  
  96  6:40  Roach  
  96  6:41  Overlord x3, Roach x4  
  106  6:52  Roach x2  
  106  6:54  Overlord  
  110  6:59  Roach  
  107  7:02  Roach  
  107  7:03  Roach x4  
  107  7:05  Drone  
  107  7:07  Roach  
  120  7:08  Hatchery  
  120  7:12  Roach  
  120  7:14  Roach x2  
  120  7:18  Roach  
  120  7:19  Roach  
  120  7:20  Roach  
  120  7:22  Roach x2  
  128  7:26  Roach  
  128  7:27  Roach x3  
  133  7:33  Roach x3  
  139  7:39  Overseer, Roach x3  
  145  7:45  Roach  
  145  7:47  Roach  
  145  7:48  Roach x2  
  145  7:49  Overlord  
  145  7:50  Overlord  
  153  7:54  Ravager  
  154  8:00  Overlord  
  154  8:01  Overlord  
  154  8:08  Ravager x14  
  154  8:10  Overlord, Roach  
  170  8:15  Overlord x2  
  170  8:20  Zergling x16  
  170  8:21  Zergling x2  
  170  8:22  Zerg Ground Armor Level 2  
  162  8:35  Roach x8  
  156  8:42  Roach x3  
  156  8:44  Roach  
  156  8:47  Roach x3  
  161  8:49  Overseer  
  161  8:50  Ravager  
  161  8:55  Roach x3  
  168  8:58  Roach x2  
  168  9:00  Roach  
  168  9:02  Roach  
  176  9:04  Zergling x2  
  176  9:05  Zergling x4  
  176  9:07  Roach  
  160  9:18  Roach  
  160  9:19  Roach x5  
  160  9:20  Roach  
  158  9:24  Roach x2  
  158  9:27  Roach  
  158  9:28  Zergling x2  
  158  9:30  Roach x2  
  167  9:37  Roach x2  
  163  9:40  Zergling x2  
  163  9:43  Zergling x4  
  163  9:45  Ravager  
  167  9:46  Ravager, Zerg Missile Weapons Level 2  
  167  9:48  Roach x5  
  167  9:49  Zergling x2  
  179  9:54  Roach  
  179  9:55  Overseer  
  179  9:58  Roach  
  179  9:59  Roach x2  
  183  10:06  Roach x4  
  187  10:12  Roach x5  
  158  10:15  Roach x2  
  158  10:16  Zergling x2  
  158  10:21  Roach x3  
  154  10:22  Roach  
  154  10:27  Roach  
  154  10:28  Roach x3  
  149  10:34  Roach  
  141  10:36  Roach  
  141  10:37  Roach x3  
  141  10:39  Zergling x6  
  138  10:44  Zergling x2  
  138  10:45  Zergling x8  
  138  10:48  Ravager x2  
  138  10:49  Ravager  
  146  10:50  Zergling x6  
  146  10:56  Zergling x8  
  152  10:57  Overseer x2  
  152  11:00  Ravager, Zergling x2  
  152  11:01  Zergling x2  
  152  11:03  Zergling x2  
  156  11:06  Zergling x2  
  156  11:07  Ravager  
  156  11:09  Zergling x4  
  156  11:10  Ravager  
  161  11:14  Extractor  
  161  11:15  Roach x4  
  161  11:16  Zergling x8  
  172  11:19  Zergling x2  
  172  11:22  Roach x2  
  166  11:27  Roach x2  
  137  11:39  Roach x2  
  136  11:40  Roach x6  
  136  11:43  Roach  
  130  11:47  Roach x3  
  130  11:50  Roach  
  130  11:53  Roach x2  
  128  12:00  Zergling x2  
  125  12:04  Ravager x4  
  125  12:05  Roach x3  
  125  12:06  Zergling x6  
  125  12:07  Zergling x2  
  139  12:09  Zergling x4  
  139  12:13  Roach x2  
  145  12:16  Roach x2  
  145  12:19  Zergling x2  
  145  12:20  Zergling x4  
  152  12:28  Ravager x3  
  155  12:30  Zergling x10  
  155  12:33  Zergling x4  
  155  12:36  Zergling x4  
  164  12:40  Zergling x8  
  157  12:49  Roach  
  157  12:50  Roach x4  
  144  12:52  Roach  
  144  12:53  Roach  
  144  12:56  Roach  
  135  13:00  Roach x2  
  135  13:03  Roach x2  
  137  13:08  Roach  
  130  13:15  Roach x5  
  135  13:21  Roach x3  
  135  13:23  Roach  
  135  13:25  Overseer  
  135  13:26  Zergling x6  
  146  13:46  Hatchery  
Show
View Real Time Build Order
Export as new Build Order

LiquidClem Terran 

Build Orders: Hellion Opening, Mech 

Get SALT Encoding   

  12  0:00  SCV  
  13  0:12  SCV  
  14  0:16  Supply Depot  
  14  0:24  SCV  
  15  0:38  SCV  
  15  0:41  Barracks  
  16  0:43  Refinery  
  16  0:50  SCV  
  17  1:02  SCV  
  18  1:14  SCV  
  19  1:27  Barracks Reactor  
  19  1:28  Orbital Command  
  19  1:39  Command Center  
  19  1:47  Supply Depot  
  19  1:53  SCV  
  20  2:03  Factory  
  20  2:05  Marine  
  20  2:08  Marine  
  21  2:11  SCV  
  23  2:22  Marine  
  23  2:23  SCV  
  23  2:26  Marine  
  26  2:36  SCV  
  27  2:40  Marine  
  27  2:44  Marine  
  29  2:47  Armory  
  29  2:48  SCV  
  30  2:51  Orbital Command  
  30  3:00  SCV  
  33  3:06  Hellion x2  
  33  3:12  SCV  
  36  3:13  Barracks Tech Lab  
  36  3:14  Supply Depot  
  36  3:19  SCV  
  37  3:24  SCV  
  38  3:28  Hellion  
  38  3:30  Hellion  
  38  3:31  SCV  
  43  3:34  Stimpack  
  43  3:36  SCV  
  43  3:37  Marine  
  43  3:38  Supply Depot  
  45  3:44  SCV  
  47  3:48  SCV  
  47  3:50  Hellion  
  47  3:51  Hellion  
  47  3:55  Marine  
  52  3:56  SCV  
  52  4:01  Supply Depot  
  52  4:02  SCV  
  54  4:09  Hellion x2  
  54  4:10  Command Center  
  54  4:11  Hellion  
  54  4:12  SCV  
  54  4:17  SCV, Hellion  
  53  4:27  SCV, Barracks x2  
  53  4:31  Marine  
  54  4:32  SCV  
  56  4:39  SCV  
  56  4:44  SCV  
  58  4:48  Factory Reactor, Engineering Bay x2  
  58  4:49  Marine  
  58  4:51  SCV  
  57  4:55  Supply Depot  
  57  4:57  SCV  
  58  5:01  Refinery  
  58  5:03  Refinery x2, SCV  
  58  5:06  Marine  
  60  5:07  Supply Depot  
  60  5:09  SCV  
  61  5:15  SCV  
  61  5:17  Terran Infantry Armor Level 1, Terran Infantry Weapons Level 1  
  56  5:23  SCV  
  56  5:24  Marine  
  56  5:26  Marine x2  
  60  5:29  Orbital Command  
  60  5:30  Starport  
  60  5:31  Marine x2  
  60  5:32  SCV  
  63  5:37  SCV, Factory Reactor  
  63  5:42  Marine  
  65  5:44  SCV  
  65  5:45  Combat Shield  
  65  5:47  Barracks x2  
  65  5:49  SCV  
  67  5:50  Marine  
  67  5:51  Orbital Command  
  67  5:56  SCV  
  69  6:00  Marine  
  69  6:01  Marine x3, SCV  
  74  6:08  Marine, SCV  
  74  6:11  Supply Depot  
  76  6:16  Medivac x2  
  76  6:17  SCV  
  76  6:18  Marine, SCV  
  83  6:19  Marine, Factory Tech Lab  
  83  6:20  SCV  
  83  6:21  Supply Depot  
  83  6:22  Marine, Supply Depot  
  83  6:23  Marine  
  87  6:26  Marine  
  87  6:29  SCV  
  89  6:34  SCV x2  
  89  6:35  Supply Depot  
  89  6:36  Marine x2, Barracks Reactor x2  
  93  6:42  Siege Tank  
  93  6:44  SCV  
  93  6:46  Marine, Supply Depot  
  98  6:49  SCV  
  98  6:50  Refinery, Factory  
  98  6:52  Marine  
  98  6:53  Marine  
  97  6:56  Marine  
  97  7:00  Medivac x2  
  102  7:03  Marine  
  102  7:04  SCV x2  
  102  7:06  SCV, Command Center  
  106  7:11  Marine x2  
  106  7:12  Marine  
  106  7:14  Marine x2  
  107  7:15  Marine  
  107  7:16  SCV x2  
  107  7:19  Marine x2  
  111  7:25  SCV  
  111  7:28  Marine  
  111  7:29  Siege Tank  
  113  7:30  Medivac x2  
  113  7:32  Bunker  
  113  7:34  Marine x4, Factory  
  113  7:35  Marine x2  
  113  7:36  Bunker  
  123  7:40  Marine x2  
  123  7:42  Bunker  
  123  7:43  Concussive Shells  
  125  7:45  Marine  
  125  7:46  Terran Infantry Weapons Level 2  
  126  7:51  Marine  
  126  7:52  Marine x3  
  126  7:55  Terran Infantry Armor Level 2  
  126  7:56  Supply Depot  
  130  7:59  Marine  
  130  8:00  Supply Depot  
  130  8:04  Siege Tank  
  134  8:05  Marine x2  
  134  8:06  Marine  
  134  8:09  SCV x2  
  134  8:11  SCV  
  140  8:14  Marine  
  140  8:17  Marine x4  
  140  8:18  Refinery  
  145  8:23  Marine x2  
  147  8:28  Marine, Supply Depot  
  138  8:34  Marine  
  138  8:36  Siege Tank  
  138  8:37  Marine  
  120  8:44  SCV x3  
  120  8:47  Marine, Medivac  
  120  8:48  Marine x3  
  110  8:49  Marine  
  110  8:50  Marine  
  110  8:51  Marine  
  110  8:52  Marine  
  115  8:55  Marine  
  115  8:56  Factory Tech Lab  
  115  8:57  Medivac  
  115  9:01  SCV x2  
  120  9:04  Marine  
  120  9:05  Marine x2  
  120  9:08  Marine x2, Siege Tank  
  128  9:13  SCV  
  128  9:15  Widow Mine  
  128  9:16  Marine  
  122  9:21  Marine x3  
  122  9:22  Marine  
  118  9:25  SCV  
  118  9:28  Marine x4  
  117  9:34  Marine  
  117  9:36  Medivac, Siege Tank  
  117  9:38  Medivac  
  117  9:40  Marine x3, Siege Tank  
  117  9:43  Marine  
  123  9:45  Marine  
  123  9:46  Marine x3  
  123  9:50  SCV  
  123  9:51  SCV x2  
  123  9:52  Marine  
  131  9:58  Marine x2  
  131  9:59  Marine  
  132  10:00  SCV  
  132  10:01  Marine  
  132  10:03  Marine  
  132  10:06  Medivac  
  134  10:08  Marine x3, Siege Tank  
  134  10:09  Marine  
  118  10:16  Marine x2  
  118  10:17  Marine, Siege Tank  
  118  10:19  Marine  
  107  10:21  Marine  
  107  10:26  Marine x3, SCV  
  107  10:27  Marine  
  102  10:34  Marine x2  
  102  10:35  Marine  
  98  10:38  Marine  
  98  10:39  SCV x2  
  98  10:41  Orbital Command  
  98  10:42  Marine  
  100  10:51  Marine x2, Siege Tank  
  104  10:57  Siege Tank  
  104  10:59  Marine x2  
  104  11:01  Marine  
  104  11:03  Marine  
  111  11:05  Marine  
  111  11:07  Marine x2  
  111  11:11  Marine x2  
  114  11:17  Marine x2  
  118  11:19  Terran Infantry Weapons Level 3  
  118  11:20  SCV  
  118  11:21  SCV  
  118  11:23  SCV  
  119  11:27  SCV  
  119  11:28  Marine  
  106  11:33  Marine x2  
  106  11:35  Medivac  
  106  11:37  Siege Tank  
  104  11:47  Marine x2  
  93  11:49  Marine x2  
  93  11:51  Marine  
  94  11:54  SCV  
  94  11:58  Marine x2, SCV x2  
  99  12:02  Siege Tank  
  99  12:03  Marine  
  99  12:04  Marine  
  99  12:06  SCV  
  105  12:11  Marine x3  
  105  12:12  Marine x2  
  105  12:13  SCV  
  111  12:15  SCV  
  111  12:22  Marine, Siege Tank  
  115  12:26  Marauder  
  115  12:27  Orbital Command  
  117  12:32  Marine x2  
  117  12:33  Sensor Tower  
  117  12:34  Marine  
  120  12:40  Marine, Siege Tank  
  120  12:43  Marine  
  114  12:44  Marine  
  114  12:48  Marine  
  114  12:49  Marine  
  114  12:50  Marine  
  96  12:54  Siege Tank  
  96  12:56  Marine  
  96  12:57  Marine  
  80  12:58  Marine  
  71  13:06  Marine x2  
  71  13:08  Orbital Command x3  
  71  13:11  Marine  
  71  13:12  Orbital Command  
  57  13:21  Marine  
  57  13:22  Marine  
Tags
 
Add a new tag
Caveats
  • Supply blocks, unpowered buildings, or Contaminate may cause inaccurate times.
  • Supply counts are checked every 10 seconds.